AoeStats
← beneath mariana

African Clearing

504739243Analyzed
4v4 RM · 25d ago on Sep 6, 2026· 41m 38s· 8 players
Game mode
Random Map
Map size
Large (8 player)
Population
200
Speed
Normal
Resources
Standard
Victory
Conquest
Starting age
Dark Age
Ending age
Imperial Age
RankedLock teamsTeams togetherTeam positionsShared explorationLock speedFull tech treeHidden civsTurbo modeCheats
Victory
Defeat
🇨🇳 Mongols · China
1446
+19
🇮🇳 Huns · India
1428
+20
🇹🇷 Italians · Türkiye
1425
+20
🇫🇮 Jurchens · Finland
1411
+20
🇪🇸 Koreans · Spain
1580
-22
🇩🇪 Spanish · Germany
1537
-21
🇧🇷 Chinese · Brazil
1531
-21
🇨🇴 Vietnamese · Colombia
1385
-15
23
4:38 Loom
12:47 Feudal Age
21:08 Castle Age
20:18 Horse Collar
29:30 Fletching
36:36 Imperial Age
35:16 Ballistics
35:15 Gold Mining
37:14 Wheelbarrow
38:10 Bodkin Arrow
Bzm_JöNTüRK
4:18 Loom
12:59 Feudal Age
17:52 Castle Age
18:11 Double-Bit Axe
18:06 Horse Collar
19:22 Bow Saw
25:09 Heavy Plow
27:55 Fletching
30:50 Wheelbarrow
32:53 Bodkin Arrow
36:49 Imperial Age
34:08 Town Watch
35:47 Elite Skirmisher
36:36 Padded Archer Armor
39:07 Chemistry
38:53 Bracer
40:03 Ballistics
40:59 Leather Archer Armor
beneath mariana
12:35 Feudal Age
13:39 Double-Bit Axe
14:02 Town Watch
16:31 Castle Age
15:08 Forging
15:04 Gold Mining
16:33 Bloodlines
16:31 Horse Collar
18:00 Loom
17:40 Light Cavalry
24:06 Wheelbarrow
25:23 Gold Shaft Mining
24:59 Fletching
30:26 Ballistics
31:46 Hand Cart
33:13 Bodkin Arrow
33:29 Heavy Plow
34:13 Husbandry
37:52 Imperial Age
35:40 Masonry
35:45 Padded Archer Armor
37:12 Leather Archer Armor
38:08 Scale Barding Armor
38:36 Bracer
39:42 Chemistry
39:14 Parthian Tactics
39:51 Conscription
40:00 Elite Mangudai
42:26 Chain Barding Armor
42:49 Iron Casting
Titan
10:17 Loom
14:33 Feudal Age
18:51 Castle Age
18:09 Fletching
19:13 Double-Bit Axe
28:07 Sanctity
32:55 Town Watch
37:00 Bloodlines
37:00 Scale Barding Armor
Ux'Tycho0201
4:24 Loom
12:10 Feudal Age
14:30 Fletching
24:13 Double-Bit Axe
24:40 Horse Collar
29:57 Castle Age
Ux'Saintseko
3:27 Loom
12:19 Feudal Age
14:54 Wheelbarrow
14:15 Double-Bit Axe
16:36 Fletching
23:48 Castle Age
22:55 Stone Mining
23:43 Padded Archer Armor
24:17 Crossbowman
26:06 Bodkin Arrow
26:25 Gold Mining
30:27 Thumb Ring
38:51 Gold Shaft Mining
43:19 Imperial Age
Ux'Olkan
3:38 Loom
3:57 Loom
12:40 Feudal Age
16:36 Castle Age
15:32 Double-Bit Axe
32:02 Wheelbarrow
32:39 Bloodlines
32:35 Husbandry
32:43 Horse Collar
33:27 Padded Archer Armor
36:30 Town Watch
Ux'CadaHB
11:28 Loom
14:04 Feudal Age
14:48 Double-Bit Axe
15:53 Fletching
16:42 Padded Archer Armor
24:24 Castle Age
24:26 Scale Barding Armor
38:22 Town Watch
Connection lost

Rejoining the realm…

Still unreachable

The connection could not be restored.

Session expired

The server has moved on; the page needs a fresh start.